Match 38184279
Unlisted

Match 38184279
End
Royal Engineer Section
Construct Section Command Post
Infantry Section
Infantry Section
Infantry Section
Construct Platoon Command Post
Construct Field Infirmary
Selects Air and Sea Battlegroup
Selects Commando Section Paradrop
Commando Section Paradrop
6-pounder Anti-tank Gun Team
Construct Company Command Post
Unlock M3 Grant Medium Tanks
M3 Grant Medium Tank
Selects Commando Support Section Paradrop
Commando Support Section Paradrop
Selects Incendiary Bombing Run
Foot Guards Section
M3 Grant Medium Tank
Selects Naval Blockade
Selects Centaur Medium Tank
Naval Blockade
Infantry Training
M3 Grant Medium Tank
M3 Grant Medium Tank
Selects Naval Bombardment
Selects Assault Flares
REDACTED
只愛❤毛妹
0
0

Comments sign in to comment!

No comments posted yet!